 Dungeon Crawl Stone Soup version 0.19.5 (webtiles) character file.

317 manyhoops the Insei (level 6, -2/38 HPs)
             Began as an Octopode Transmuter on May 9, 2017.
             Splashed by a jelly's acid (9 damage)
             ... on level 4 of the Dungeon.
             The game lasted 00:09:55 (3923 turns).

manyhoops the Insei (Octopode Transmuter)           Turns: 3923, Time: 00:09:56

Health: -2/38      AC: -3    Str: 14    XL:     6   Next: 44%
Magic:  2/10       EV: 13    Int: 16    God:
Gold:   150        SH:  0    Dex: 12    Spells: 3 memorised, 4 levels left

rFire  + . .     SeeInvis .       - Unarmed
rCold  . . .     Gourm    .     (no shield)
rNeg   . . .     Faith    .     (helmet restricted)
rPois  .         Spirit   .     p - amulet of harm
rElec  .         Reflect  .     f - ring of protection from fire
rCorr  .         Harm     +     q - +3 ring of strength
MR     .....                    (no ring)
Stlth  +++.......               (no ring)
                                (no ring)
                                (no ring)
                                (no ring)
                                (no ring)

@: appendage (expiring), corroded, very slightly contaminated, hasted, very
quick
A: almost no armour, stealthy swim, amphibious, 8 rings, constrict 8, tentacle
spike 3, camouflage 1, gelatinous body 1
a: End Transformation


You were on level 4 of the Dungeon.
You were not hungry.
One of your tentacles had a temporary spike.
You visited 1 branch of the dungeon, and saw 4 of its levels.
You also visited: Sewer.

You collected 150 gold pieces.

Inventory:

Missiles
 a - 64 arrows
Jewellery
 f - a ring of protection from fire (left tentacle)
 p - an amulet of harm (around mantle)
 q - a +3 ring of strength (right tentacle)
Wands
 w - a wand of paralysis (7/24)
Scrolls
 d - 3 scrolls of recharging
 m - a scroll of remove curse {unknown}
 o - a scroll of random uselessness {unknown}
 t - a scroll of amnesia {unknown}
 v - a scroll of teleportation {unknown}
Potions
 e - 3 potions of flight
 j - 2 potions of curing
 k - a potion of ambrosia
 l - a potion of haste
 n - a potion of brilliance
 r - a potion of berserk rage
 u - a potion of lignification
 x - a potion of resistance {unknown}
Books
 b - a book of Changes

   Spells                             Type                      Level
   a - Beastly Appendage              Transmutation                1
   b - Sticks to Snakes               Transmutation                2
   c - Spider Form                    Transmutation/Poison         3
   d - Ice Form                       Ice/Transmutation            4
   e - Blade Hands                    Transmutation                5
Comestibles
 c - 3 bread rations
 g - 2 meat rations
 s - a slice of pizza


   Skills:
 - Level 1.0 Fighting
 - Level 2.4 Dodging
 - Level 1.1 Stealth
 + Level 4.8 Unarmed Combat
 - Level 2.9 Spellcasting
 + Level 4.4 Transmutations


You had 4 spell levels left.
You knew the following spells:

 Your Spells              Type           Power        Failure   Level  Hunger
a - Beastly Appendage     Tmut           ###...       3%          1    #......
b - Sticks to Snakes      Tmut           ###.....     6%          2    ##.....
c - Spider Form           Tmut/Pois      #.........   28%         3    ###....


Dungeon Overview and Level Annotations

Branches:
Dungeon (4/15)
 Temple: D:4-7

Altars:
Fedhas


Innate Abilities, Weirdness & Mutations

You cannot wear most types of armour.
You are very stealthy in the water. (Stealth+)
You are amphibious.
You can wear up to eight rings at the same time.
You can use your tentacles to constrict eight enemies at once.
Your skin changes colour to match your surroundings (Stealth+).
Your rubbery body absorbs attacks. (AC +1, EV +1)
One of your tentacles bears a large vicious spike.


Message History

You pierce the jelly, but do no damage.
The jelly is heavily wounded.
Your adder bites the jelly.
Your adder is burned by acid!
The jelly misses you.
Your adder bites the jelly.
Your adder is burned by acid!
Your adder withers and dies!
You feel much better.
Your transformation is almost over.
The jelly hits you.
You are splashed with acid!
The acid burns!
You completely miss the jelly.
You pierce the jelly, but do no damage.
The jelly is severely wounded.
The jelly hits you.
You are splashed with acid!
The acid burns!
* * * LOW HITPOINT WARNING * * *
You feel yourself speed up. The jelly closely misses you.
Casting: Beastly Appendage
Confirm with . or Enter, or press ? or * to list all spells.
You create a snake!
You now have 64 arrows.
The jelly hits you.
* * * LOW HITPOINT WARNING * * *
You are splashed with acid!
The acid burns!
You die...

#.# ####
#########.####
##≈≈####≈≈##÷.......#
#≈≈≈≈≈≈≈≈≈≈..###.##.##
##≈≈####≈≈##.# .......
#≈##≈≈#####.##...#.###
#≈#≈≈≈≈≈≈##.#......#
#≈#≈.≈≈≈≈#S.J....#.#
#≈##≈≈##≈##@.......#
##≈≈####≈≈#####..####
#≈≈≈≈≈≈≈≈≈≈# #.#
##≈≈####≈≈## +# ####
####


You could see a jelly and a friendly ball python.

Vanquished Creatures
  A big kobold (Sewer)
  A crimson imp (D:4)
  A howler monkey zombie (D:4)
  5 adders
  3 river rats
  2 worms (D:4)
  4 leopard geckos
  4 orcs
  3 bats
  6 giant cockroaches
  7 goblins
  8 hobgoblins
  2 jackals (Sewer)
  3 quokkas
  A ball python (D:1)
  2 frilled lizards
  9 kobolds
  12 rats
74 creatures vanquished.

Vanquished Creatures (collateral kills)
  2 hounds (D:4)
  2 adders (D:2)
  A leopard gecko (D:4)
  An orc (D:3)
  A hobgoblin (D:1)
  4 kobolds
  A frilled lizard (D:1)
  A rat (Sewer)
13 creatures vanquished.

Grand Total: 87 creatures vanquished

Notes
Turn   | Place    | Note
-------+----------+-------------------------------------------
     0 | D:1      | manyhoops the Octopode Transmuter began the quest for the Orb.
     0 | D:1      | Reached XP level 1. HP: 13/13 MP: 3/3
   136 | D:1      | Reached XP level 2. HP: 18/18 MP: 3/5
   365 | D:1      | Learned a level 2 spell: Sticks to Snakes
   828 | D:1      | Reached XP level 3. HP: 20/23 MP: 2/6
  1097 | D:2      | Reached skill level 1 in Stealth
  1252 | D:2      | Reached XP level 4. HP: 15/28 MP: 3/7
  1443 | D:2      | Learned a level 3 spell: Spider Form
  1480 | D:2      | Found a blossoming altar of Fedhas.
  2617 | D:3      | Reached XP level 5. HP: 23/33 MP: 2/9
  3363 | D:4      | Reached XP level 6. HP: 31/38 MP: 7/10
  3389 | D:4      | Found a glowing drain.
  3497 | Sewer    | Entered a sewer
  3847 | Sewer    | Found a white marble altar of Elyvilon.
  3923 | D:4      | Splashed by a jelly's acid

Skill      XL: |  1  2  3  4  5 |
---------------+----------------+-----
Stealth        | 1 |  1.1
Transmutations | 3 4 |  4.4
Unarmed Combat | 4 |  4.8
Fighting       | |  1.0
Dodging        | |  2.4
Spellcasting   | |  2.9

Action                   |  1- 3 |  4- 6 || total
-------------------------+-------+-------++-------
Melee: Unarmed           |    71 |   121 ||   192
       Constrict         |    16 |    26 ||    42
       Tentacles         |     9 |    20 ||    29
       Kick              |     7 |    16 ||    23
       Punch             |     4 |     3 ||     7
 Cast: Beastly Appendage |    10 |    11 ||    21
       Sticks to Snakes  |     6 |    17 ||    23
       Spider Form       |       |     4 ||     4
  Use: Scroll            |       |     6 ||     6
       Potion            |       |     6 ||     6
 Stab: Sleeping          |     2 |    11 ||    13
  Eat: Chunk             |     2 |     5 ||     7
       Meat ration       |       |     1 ||     1
Armor: Skin              |     7 |     7 ||    14
Dodge: Dodged            |    43 |    74 ||   117
